 Dungeon Crawl Stone Soup version 0.30.1-4-g462c640d31 (webtiles) character file.

Game seed: 5162599542621634578

2487 wingedge the Trooper (level 9, -2/77 HPs)
             Began as a Demigod Wanderer on Aug 10, 2023.
             Slain by a gnoll
             ... wielding a +0 spear
             ... led by a gnoll bouda
              (3 damage)
             ... on level 7 of the Dungeon on Aug 11, 2023.
             The game lasted 00:27:12 (8002 turns).

wingedge the Trooper (Demigod Wanderer)             Turns: 8002, Time: 00:27:12

Health: -2/77      AC:  4    Str: 11    XL:     9   Next: 6%
Magic:  11/16      EV: 18    Int: 27    God:
Gold:   319        SH:  0    Dex: 14    Spells: 5/14 levels left

rFire   . . .        x - +2 dagger (drain)
rCold   . . .        (no shield)
rNeg    . . .        d - +0 robe
rPois   .            w - +2 hat
rElec   .            (no cloak)
rCorr   .            (no gloves)
SInv    .            (no boots)
Will    +....        (no amulet)
Stlth   ++           f - +5 ring of evasion
HPRegen 0.32/turn    q - ring of willpower
MPRegen 0.15/turn

%: clarity
@: no status effects
A: high MP 1, forlorn, divine attributes, claws 1, clarity, sense surroundings 1
a: no special abilities


You were on level 7 of the Dungeon.
You visited 1 branch of the dungeon, and saw 8 of its levels.

You collected 319 gold pieces.

Inventory:

Hand Weapons
 a - a +3 short sword
 x - a +2 dagger of draining (weapon)
 y - a +0 whip of venom
 A - a +1 broad axe of flaming
 D - a +4 long sword
Armour
 d - a +0 robe (worn)
 k - the +0 ring mail "Sonyitau" {Will- Regen+ rCorr Stlth+}
   (You found it on level 2 of the Dungeon)

   Regen:     It increases your rate of health regeneration.
   rCorr:     It protects you from acid and corrosion.
   Will:      It decreases your willpower.
   Stlth:     It makes you more stealthy.
 v - a scarf of invisibility
 w - a +2 hat (worn)
 B - +0 steam dragon scales
Magical Staves
 m - a staff of fire
Jewellery
 f - a +5 ring of evasion (left claw)
 q - a ring of willpower (right claw)
 t - a ring of protection from fire
 z - a +6 ring of strength
Wands
 b - a wand of polymorph (3)
 e - a wand of flame (23)
 o - a wand of iceblast (8)
 p - a wand of acid (6)
Scrolls
 c - 3 scrolls of teleportation
 h - a scroll of fog {unknown}
 s - a scroll of noise {unknown}
 C - a scroll of enchant weapon {unknown}
Potions
 j - 2 potions of cancellation
 l - a potion of ambrosia
 n - 2 potions of brilliance
 u - a potion of haste {unknown}


   Skills:
 + Level 6.3 Fighting
 - Level 3.0 Short Blades
 - Level 1.0 Axes
 - Level 1.0 Throwing
 - Level 4.0 Dodging
 - Level 3.0 Stealth
 - Level 3.0 Spellcasting
 - Level 4.0 Conjurations
 + Level 0.0 Hexes
 - Level 2.0 Transmutations
 + Level 0.0 Ice Magic
 - Level 4.0 Air Magic
 - Level 4.0 Poison Magic
 - Level 2.0 Evocations


You had 5 spell levels left.
You knew the following spells:

 Your Spells              Type           Power      Damage    Failure   Level
a - Sting                 Tmut/Pois      80%        1d7       2%          1
b - Mephitic Cloud        Conj/Pois/Air  25%        N/A       4%          3
c - Swiftness             Air            25%        N/A       4%          3
d - Ensorcelled Hibernat  Hex/Ice        8%         N/A       13%         2

Your spell library contained the following spells:

 Spells                   Type           Power      Damage    Failure   Level
 Passwall                 Tmut/Erth      7%         N/A       9%          2


Dungeon Overview and Level Annotations

Branches:
Dungeon (8/15)             Temple (0/1) D:4
   Lair: D:8-11

Annotations:
D:8 3 runed translucent doors, WaxSun's ghost, journeyman FoCK


Innate Abilities, Weirdness & Mutations

You have an increased reservoir of magic. (+10% MP)
You shall have no god before yourself.
Your divine heritage dramatically boosts your attributes as you level up.
You have sharp fingernails.
You possess an exceptional clarity of mind.
You passively map a small area around you.


Message History

You barely miss the orc warrior. Your headbutt misses the orc warrior.
The orc warrior is lightly wounded.
The gnoll hits you from afar with a +0 halberd.
* * * LOW HITPOINT WARNING * * *
The gnoll barely misses you.
The orc warrior hits you with a +0 war axe!
* * * LOW HITPOINT WARNING * * *
Okay, then.
As you read the scroll of summoning, it crumbles to dust.
Wisps of shadow whirl around you... The gnoll misses you.
The gnoll hits you from afar with a +0 spear.
* * * LOW HITPOINT WARNING * * *
The orc warrior hits you with a +0 war axe!
* * * LOW HITPOINT WARNING * * *
The orc warrior barely misses your orc.
Okay, then.
As you read the scroll of summoning, it crumbles to dust.
Wisps of shadow whirl around you... The gnoll misses you. x2
The orc warrior closely misses you.
The orc warrior hits your orc with a +0 war axe!
Your orc dies!
Your orc's corpse dissolves into shadows!
The orc warrior hits your orc with a +0 war axe.
Okay, then.
Really quaff the potion of mutation?
You feel extremely strange. The horns on your head shrink away.
You no longer feel heat resistant.
You feel a strange attunement to the structure of the dungeons.
Your fingernails lengthen.
Your thoughts seem clearer.
The gnoll barely misses you. x2
Your bullfrog closely misses the orc warrior.
Your howler monkey hits the gnoll.
Your iguana bites the gnoll.
Your orc hits the gnoll with a +0 flail.
The orc warrior barely misses you.
The orc warrior closely misses your orc.
The orc warrior barely misses your bullfrog.
You swap places.
Your bullfrog barely misses the orc warrior.
The gnoll hits you from afar with a +0 spear.
You die...

, * , * #.....#
, #.....# * ,
#.....# #.[...#
. #.....# ..#.
, #.....# ,*
..... #..lh.#
...... #..go@#
*......##gggoF#
#...#o#### *
###...# * ,
##.g# #####
##.###...#
#..##...#
#.g.#..)#
###.....###


You could see an orc warrior (drained, ally target), an orc priest, 4 gnolls, a
friendly bullfrog (summoned), a friendly howler monkey (summoned), a friendly
iguana (summoned) and a friendly orc (summoned).

Vanquished Creatures
  Maggie (D:6)
  Eustachio (D:5)
  Menkaure (D:4)
  A water moccasin (D:7)
  Duvessa (D:6)
  An orc warrior (D:5)
  An ogre (D:5)
  2 centaurs
  2 gnoll sergeants
  2 scorpions
  3 wights (D:6)
  Dowan (D:6)
  A howler monkey (D:6)
  2 gnoll boudas
  2 orc priests
  3 hounds
  Natasha (thrice) (D:2)
  2 iguanas
  6 orc wizards
  17 gnolls
  9 adders
  2 ufetubi
  3 worms
  A dart slug (D:4)
  12 orcs
  6 ball pythons
  2 endoplasms
  6 giant cockroaches
  10 goblins
  12 hobgoblins
  4 kobolds
  3 quokkas
  4 bats
  2 frilled lizards (D:1)
  6 rats
135 creatures vanquished.

Vanquished Creatures (collateral kills)
  A wight (D:6)
1 creature vanquished.

Grand Total: 136 creatures vanquished

Notes
Turn   | Place    | Note
-------+----------+-------------------------------------------
     0 | D:1      | wingedge the Demigod Wanderer began the quest for the Orb.
     0 | D:1      | wingedge set off with the following items: a +2 short
                  | sword, a wand of polymorph (3), a scroll of teleportation,
                  | a +0 robe; and the following spell memorised: Sting; and
                  | the following spells available to memorise: Mephitic Cloud.
     0 | D:1      | Reached XP level 1. HP: 14/14 MP: 6/6
    46 | D:1      | Reached skill level 1 in Transmutations
   250 | D:1      | Reached XP level 2. HP: 12/20 MP: 0/8
  1194 | D:2      | Identified the +0 ring mail "Sonyitau" {Will- Regen+ rCorr
                  | Stlth+}
  1474 | D:2      | Noticed Natasha
  1480 | D:2      | Killed Natasha
  1481 | D:2      | Reached XP level 3. HP: 18/27 MP: 3/9
  1612 | D:2      | Noticed Natasha
  1621 | D:2      | Killed Natasha
  1622 | D:2      | Reached skill level 1 in Fighting
  2104 | D:2      | Noticed Natasha
  2112 | D:2      | Killed Natasha
  2113 | D:2      | Reached skill level 2 in Fighting
  2113 | D:2      | Reached XP level 4. HP: 25/36 MP: 3/11
  2951 | D:3      | Reached XP level 5. HP: 42/42 MP: 8/12
  2996 | D:3      | Reached skill level 1 in Conjurations
  2996 | D:3      | Reached skill level 1 in Air Magic
  3117 | D:3      | Noticed a centaur
  3126 | D:3      | Killed a centaur
  3720 | D:4      | Found a staircase to the Ecumenical Temple.
  3726 | D:4      | Noticed Menkaure
  3734 | D:4      | Killed Menkaure
  3735 | D:4      | Reached skill level 3 in Fighting
  3735 | D:4      | Reached XP level 6. HP: 28/51 MP: 9/13
  3847 | D:4      | Learned a level 3 spell: Mephitic Cloud
  5038 | D:5      | Entered Level 5 of the Dungeon
  5048 | D:5      | Reached XP level 7. HP: 55/58 MP: 2/14
  5054 | D:5      | Reached skill level 4 in Fighting
  5182 | D:5      | Noticed Eustachio
  5576 | D:5      | Reached skill level 1 in Stealth
  5781 | D:5      | Killed Eustachio
  5782 | D:5      | Reached skill level 1 in Dodging
  6204 | D:5      | Reached XP level 8. HP: 61/66 MP: 3/15
  6803 | D:6      | Noticed Maggie
  6837 | D:6      | Killed Maggie
  6838 | D:6      | Reached skill level 5 in Fighting
  6970 | D:6      | Reached skill level 6 in Fighting
  7167 | D:6      | Reached skill level 1 in Axes
  7423 | D:6      | Noticed Duvessa
  7425 | D:6      | Noticed Dowan
  7447 | D:6      | Killed Duvessa
  7453 | D:6      | Killed Dowan
  7719 | D:7      | Reached XP level 9. HP: 19/74 MP: 16/16
  7728 | D:8      | Found a runed translucent gate.
  7728 | D:8      | Found a runed translucent gate.
  7728 | D:8      | Found a runed translucent gate.
  7909 | D:8      | Noticed WaxSun's ghost (journeyman FoCK)
  7921 | D:8      | Learned a level 3 spell: Swiftness
  7924 | D:8      | Learned a level 2 spell: Ensorcelled Hibernation
  7996 | D:7      | Gained mutation: Your flesh is heat resistant. (rF+)
                  | [potion of mutation]
  7996 | D:7      | Gained mutation: You have a pair of small horns on your
                  | head. [potion of mutation]
  7999 | D:7      | HP: 1/77 [orc warrior/+0 war axe (9)]
  8001 | D:7      | Lost mutation: You have a pair of small horns on your head.
                  | [potion of mutation]
  8001 | D:7      | Lost mutation: Your flesh is heat resistant. (rF+) [potion
                  | of mutation]
  8001 | D:7      | Gained mutation: You passively map a small area around you.
                  | [potion of mutation]
  8001 | D:7      | Gained mutation: You have sharp fingernails. [potion of
                  | mutation]
  8001 | D:7      | Gained mutation: You possess an exceptional clarity of
                  | mind. [potion of mutation]
  8002 | D:7      | Slain by a gnoll

Illustrated notes

Levels and vault maps discovered:
D:1:      dpeg_arrival_round_a, layout_basic, shapermc_ecumenical_altar_petra
D:2:      layout_loops_corners, uniq_natasha
D:3:      cheibrodos_greedy_goblins, layout_rooms,
          gammafunk_temple_overflow_claw, mainiacjoe_overflow_tiny_flanked,
          kennysheep_nub
D:4:      layout_layer_cave, overflow_temple_1_default,
          mainiacjoe_overflow_big_doors, minmay_temple_entry_trees,
          uniq_menkaure
D:5:      layout_cave_pools, uniq_eustachio
D:6:      layout_loops_corners, uniq_duvessa, uniq_maggie, uniq_grinder
D:7:      layout_basic, fedhas_altar_2, minmay_manual_moon
D:8:      layout_cave_pools, gammafunk_ghost_spectres, serial_park_tiny_1,
          nrook_mini_vaults, nicolae_good_shop

Skill      XL: |  1  2  3  4  5  6  7  8 |
---------------+-------------------------+-----
Transmutations | 1 2 |  2.0
Poison Magic   | 2 3 4 |  4.0
Fighting       | 2 3 4 6 |  6.3
Spellcasting   | 3 |  3.0
Conjurations   | 2 3 4 |  4.0
Air Magic      | 2 3 4 |  4.0
Stealth        | 2 3 |  3.0
Dodging        | 1 4 |  4.0
Evocations     | 2 |  2.0
Short Blades   | 3 |  3.0
Axes           | 1 |  1.0
Throwing       | |  1.0

Action                     |  1- 3 |  4- 6 |  7- 9 || total
---------------------------+-------+-------+-------++-------
  Melee: Short sword       |    10 |    29 |     4 ||    43
         Dagger            |       |       |   121 ||   121
         Long sword        |       |       |    57 ||    57
         Broad axe         |       |       |    13 ||    13
         Punch             |       |       |     1 ||     1
   Cast: Sting             |    70 |   124 |    94 ||   288
         Mephitic Cloud    |       |     6 |    26 ||    32
         Ensorcelled Hiber |       |       |     3 ||     3
  Evoke: Wand              |       |     2 |     1 ||     3
    Use: Scroll            |       |       |    10 ||    10
         Potion            |       |       |     8 ||     8
   Stab: Confused          |       |     2 |    10 ||    12
         Sleeping          |       |       |     1 ||     1
 Armour: Robe              |     6 |     8 |    46 ||    60
  Dodge: Dodged            |    42 |    80 |   233 ||   355
